Map: Overgrowth LE (Void)

Players

Jason

  • Race: Terran Terran
  • League: Grandmaster
  • Spawn Location: 1:00

Rob - Winner!

  • Race: Protoss Protoss
  • League: Grandmaster
  • Spawn Location: 7:00

VOD

Have the link to the VOD?

Description

Time

  • Played on: May 13, 2019, 6:24 p.m.
  • Length: 12:15
Show
View Real Time Build Order
Export as new Build Order

Jason Terran 

Build Orders: Gas First Reaper Expand 

Get SALT Encoding   

  12  0:01  SCV  
  13  0:13  SCV  
  14  0:18  Supply Depot  
  14  0:25  SCV  
  15  0:31  Refinery  
  15  0:40  SCV  
  16  0:44  Barracks  
  16  0:52  SCV  
  17  1:04  SCV  
  18  1:16  SCV  
  19  1:31  Reaper, Orbital Command  
  20  1:44  Command Center  
  20  1:57  Factory  
  20  1:59  SCV  
  21  2:08  Barracks Reactor  
  21  2:10  Supply Depot  
  21  2:14  SCV  
  22  2:22  Refinery  
  22  2:26  SCV  
  23  2:38  SCV  
  23  2:42  Hellion  
  26  2:45  Marine x2  
  26  2:47  Starport  
  26  2:51  SCV  
  29  2:57  Orbital Command  
  29  3:03  SCV  
  32  3:05  Widow Mine  
  32  3:15  Marine  
  32  3:16  Marine  
  33  3:23  SCV  
  33  3:25  SCV  
  35  3:27  Medivac  
  35  3:33  Marine  
  38  3:35  SCV, Factory Tech Lab  
  38  3:38  SCV, Supply Depot  
  40  3:43  Marine  
  40  3:44  Bunker  
  40  3:47  SCV  
  42  3:50  SCV  
  43  4:00  SCV, Barracks  
  45  4:02  SCV  
  45  4:03  Supply Depot  
  45  4:07  Raven  
  45  4:11  Marine  
  45  4:12  SCV  
  45  4:14  SCV  
  47  4:24  SCV  
  48  4:27  SCV, Marine  
  48  4:29  Factory Tech Lab  
  49  4:31  Barracks  
  49  4:35  Marine  
  49  4:36  SCV  
  51  4:39  SCV  
  52  4:47  Engineering Bay  
  52  4:48  SCV  
  52  4:49  Siege Tank  
  52  4:51  SCV, Supply Depot  
  57  4:55  Refinery  
  57  5:00  SCV  
  57  5:02  Starport Reactor  
  57  5:03  SCV  
  57  5:06  Supply Depot  
  59  5:10  Marine  
  59  5:11  Marine  
  59  5:12  SCV  
  62  5:14  Missile Turret  
  62  5:15  Terran Infantry Weapons Level 1, SCV  
  62  5:21  Marine  
  65  5:24  SCV  
  65  5:27  SCV  
  66  5:32  Marine, Stimpack, Supply Depot x2  
  66  5:33  Marine  
  68  5:36  Marauder  
  68  5:37  SCV  
  68  5:41  Marauder  
  73  5:46  Factory Reactor  
  74  5:50  SCV x2, Marine x2  
  74  5:52  Supply Depot  
  74  5:53  Supply Depot  
  77  5:57  Missile Turret  
  77  5:58  Combat Shield  
  77  6:01  Marauder  
  77  6:02  SCV  
  77  6:03  SCV  
  81  6:04  Marauder  
  83  6:16  Command Center  
  83  6:17  SCV  
  83  6:18  Marine x2  
  85  6:22  Marauder  
  85  6:24  SCV  
  89  6:26  Refinery  
  89  6:29  SCV, Supply Depot  
  89  6:31  Marine  
  91  6:36  Medivac x2, Marine  
  96  6:40  SCV  
  96  6:41  SCV  
  96  6:42  Marine  
  99  6:48  Barracks  
  99  6:49  Barracks  
  99  6:52  Marauder x2  
  103  6:57  SCV, Marine  
  103  6:59  Marine, Widow Mine  
  103  7:01  SCV  
  109  7:07  Supply Depot  
  109  7:09  SCV  
  109  7:13  Widow Mine  
  109  7:14  Marauder, Medivac x2  
  109  7:15  SCV  
  115  7:21  SCV, Terran Infantry Armor Level 1  
  116  7:27  SCV, Marine  
  116  7:28  Marauder  
  120  7:33  SCV  
  121  7:39  SCV  
  121  7:43  Missile Turret  
  123  7:45  Marine  
  123  7:46  Widow Mine  
  123  7:47  Marine  
  123  7:48  Marauder  
  131  7:54  Liberator  
  131  7:55  Liberator  
  125  8:05  Marine x2  
  111  8:06  Marauder, Marine  
  111  8:07  SCV x2, Widow Mine  
  111  8:09  Marauder, Orbital Command  
  120  8:13  Barracks Tech Lab  
  120  8:19  SCV  
  121  8:23  Marine x2  
  121  8:24  Barracks Tech Lab  
  121  8:26  SCV  
  124  8:28  Barracks x2  
  124  8:29  Barracks  
  124  8:30  Marine  
  124  8:31  Marine  
  124  8:32  Marine  
  127  8:36  SCV  
  127  8:37  Refinery x2  
  127  8:41  Marine  
  128  8:42  Marine x2  
  128  8:47  SCV  
  132  8:49  Marauder  
  132  8:51  Sensor Tower  
  132  8:52  Armory  
  132  8:53  SCV  
  132  8:54  SCV, Engineering Bay  
  136  8:56  Marine  
  136  8:57  Marine  
  138  9:08  Marine x2  
  139  9:12  Supply Depot  
  139  9:13  Ghost Academy, Supply Depot x2  
  139  9:16  Widow Mine  
  135  9:27  Marine  
  135  9:28  Marauder, Marine  
  135  9:29  Marine x2  
  135  9:30  Marauder, Marine  
  138  9:33  Marauder, Marine  
  136  9:45  Marine x2  
  131  9:46  Widow Mine x2  
  131  9:47  Marine x2  
  60  10:46  Supply Depot x2  
Show
View Real Time Build Order
Export as new Build Order

Rob Protoss - Winner!

Build Orders: 1 Gate Expand, Oracle Opening, Phoenix Opening, Zealot Archon 

Get SALT Encoding   

  12  0:00  Probe  
  13  0:12  Probe  
  14  0:20  Pylon  
  14  0:24  Probe  
  15  0:34  Probe  
  15  0:40  Gateway  
  15  0:42  Probe  
  16  0:47  Assimilator  
  17  0:53  Probe  
  18  1:05  Probe  
  19  1:17  Probe  
  20  1:30  Cybernetics Core  
  20  1:37  Nexus, Probe  
  21  1:42  Pylon  
  21  1:51  Probe  
  21  1:52  Assimilator  
  22  1:56  Adept  
  22  2:03  Probe  
  22  2:06  Warp Gate  
  25  2:15  Probe  
  26  2:25  Probe  
  26  2:26  Adept  
  29  2:33  Probe  
  29  2:42  Probe  
  29  2:43  Stargate  
  30  2:49  Probe  
  32  2:56  Probe  
  33  3:02  Probe  
  34  3:05  Stalker  
  34  3:08  Probe  
  37  3:14  Probe  
  37  3:16  Oracle  
  38  3:22  Probe  
  38  3:26  Probe, Gateway  
  38  3:32  Gateway  
  41  3:35  Stalker, Probe  
  41  3:36  Pylon  
  41  3:38  Probe  
  45  3:46  Phoenix  
  45  3:48  Probe  
  46  3:52  Shield Battery  
  46  3:54  Probe  
  49  4:00  Probe, Forge  
  50  4:04  Robotics Facility  
  50  4:09  Pylon  
  50  4:10  Probe  
  50  4:12  Probe  
  52  4:22  Probe  
  52  4:24  Assimilator, Probe  
  53  4:25  Assimilator  
  54  4:34  Probe  
  54  4:36  Probe  
  56  4:40  Zealot  
  56  4:41  Zealot, Sentry, Protoss Ground Weapons Level 1, Gateway  
  56  4:42  Gateway  
  62  4:49  Shield Battery  
  62  4:51  Pylon  
  62  5:01  Pylon  
  62  5:02  Observer  
  62  5:09  Probe, Pylon  
  62  5:12  Nexus  
  64  5:15  Immortal  
  64  5:16  Twilight Council  
  68  5:28  Probe x2  
  68  5:32  Charge  
  70  5:40  Probe  
  70  5:41  Probe  
  70  5:42  Gateway x2  
  72  5:51  Observer  
  72  5:53  Probe x2  
  72  5:54  Templar Archives  
  74  6:05  Probe x2  
  76  6:13  Observer  
  76  6:14  Immortal  
  76  6:17  Probe x2  
  78  6:22  Gateway  
  78  6:23  Gateway  
  78  6:25  Gateway  
  82  6:28  Gateway  
  82  6:32  High Templar x2  
  86  6:34  Probe x2  
  86  6:36  Protoss Ground Armor Level 1, Archon  
  86  6:38  Probe  
  89  6:48  Probe  
  89  6:49  Probe  
  89  6:50  Probe, Pylon  
  89  6:51  Assimilator  
  92  6:55  Observer  
  92  6:56  Assimilator  
  92  7:01  Pylon  
  93  7:03  Shield Battery  
  93  7:04  Probe  
  94  7:16  High Templar x2  
  94  7:17  Zealot x5  
  94  7:19  Pylon  
  94  7:20  Immortal  
  94  7:22  Pylon  
  108  7:25  Pylon  
  108  7:26  Archon  
  112  7:37  Zealot x2  
  114  7:45  Zealot x5  
  124  7:54  Zealot x3  
  118  8:00  Warp Prism  
  118  8:05  Zealot x3  
  120  8:09  High Templar x5  
  132  8:17  Archon x2  
  132  8:23  Pylon  
  132  8:24  Pylon  
  132  8:26  Pylon  
  132  8:28  Pylon  
  132  8:42  High Templar x4  
  132  8:43  Zealot x4  
  132  8:46  Zealot x3  
  132  8:47  Psionic Storm, Archon x2  
  154  8:52  Pylon  
  154  8:53  Pylon  
  152  9:14  Zealot x4  
  152  9:15  Zealot x5  
  154  9:51  Zealot x6  
  166  9:59  Nexus  
  137  10:11  Observer, Pylon  
  113  10:50  Shield Battery  
  113  10:52  Shield Battery  
  113  10:54  Shield Battery  
  113  10:55  Robotics Facility  
  110  11:32  Pylon x2  
  110  11:46  Pylon  
  110  11:47  Pylon  
  110  11:54  Cybernetics Core  
Tags
 
Add a new tag
Caveats
  • Supply blocks, unpowered buildings, or Contaminate may cause inaccurate times.
  • Supply counts are checked every 10 seconds.